 Dungeon Crawl Stone Soup version 0.19.0-19-g8c6edcc (webtiles) character file.

227 Jannitor the Skirmisher (level 5, -3/42 HPs)
             Began as a Demonspawn Fighter on Nov 14, 2016.
             Slain by a worker ant (4 damage)
             ... on level 4 of the Dungeon.
             The game lasted 00:05:45 (2691 turns).

Jannitor the Skirmisher (Demonspawn Fighter)        Turns: 2691, Time: 00:05:45

Health: -3/42      AC:  4    Str: 17    XL:     5   Next: 70%
Magic:  5/5        EV:  8    Int: 15    God:
Gold:   72         SH:  9    Dex: 13    Spells: 0 memorised, 4 levels left

rFire  . . .     SeeInvis .     a - +0 trident
rCold  . . .     Gourm    .     y - +1 ring mail of Slovenliness {Int+6} (curse)
rNeg   . . .     Faith    .     c - +0 shield
rPois  .         Spirit   .     (helmet restricted)
rElec  .         Reflect  .     (no cloak)
rCorr  .         Harm     .     (no gloves)
MR     .....                    (no boots)
Stlth  +.........               (no amulet)
                                (no ring)
                                (no ring)

@: lethally poisoned (-3 -> -6)
A: antennae 1, talons 2, deformed body, no device heal 1
a: no special abilities


You were on level 4 of the Dungeon.
You were near starving.

You visited 1 branch of the dungeon, and saw 4 of its levels.

You collected 106 gold pieces.
You spent 34 gold pieces at shops.

Inventory:

Hand Weapons
 a - a +0 trident (weapon)
Armour
 b - a +0 scale mail
 c - a +0 shield (worn)
 y - the cursed +1 ring mail of Slovenliness (worn) {Int+6}
   (You found it on level 4 of the Dungeon)

   It affects your intelligence (+6).
   It has a curse placed upon it.
Jewellery
 v - an uncursed ring of wizardry {unknown}
Wands
 w - a wand of enslavement (15/24)
Scrolls
 e - a scroll of magic mapping {unknown}
 i - 2 scrolls of enchant weapon {unknown}
 k - a scroll of amnesia {unknown}
 l - 8 scrolls of identify {unknown}
 m - a scroll of random uselessness {unknown}
 n - a scroll of enchant armour {unknown}
 q - a scroll of fear {unknown}
 s - a scroll of recharging {unknown}
 t - a scroll of blinking {unknown}
 u - 2 scrolls of remove curse {unknown}
Potions
 d - a potion of might
 h - a potion of lignification {unknown}
 j - a potion of magic {unknown}
 o - a potion of flight {unknown}
 r - 2 potions of haste
Comestibles
 f - 3 bread rations
 g - a meat ration
 x - a beef jerky


   Skills:
 + Level 4.0 Fighting
 + Level 2.9 Polearms
 + Level 3.8 Armour
 + Level 3.9 Shields


You had 4 spell levels left.
You didn't know any spells.

Dungeon Overview and Level Annotations

Branches:
Dungeon (4/15)
 Temple: D:4-7

Altars:
Makhleb
Xom

Shops:
D:4 *


Innate Abilities, Weirdness & Mutations

You have razor-sharp toenails.
You have a pair of small antennae on your head.
Armour fits poorly on your strangely shaped body.
Potions and wands are less effective at restoring your health.


Message History

The worker ant bites you.
* * * LOW HITPOINT WARNING * * *
You are poisoned.
The worker ant poisons you! The worker ant bites you.
* * * LOW HITPOINT WARNING * * *
You are more poisoned.
The worker ant poisons you!
Your system partially rejects the healing.
You feel better. The worker ant bites you.
* * * LOW HITPOINT WARNING * * *
You are lethally poisoned!
The worker ant poisons you!
Unknown command.
* * * LOW HITPOINT WARNING * * *
You feel sick.
* * * LOW HITPOINT WARNING * * *
You feel sick.
* * * LOW HITPOINT WARNING * * *
You feel sick. The worker ant bites you.
You die...

####....##########.# #.# #....#
#.# .# #.# #....# #.# #.# #.#
#....# #.# #.# #.# #....### #.#
#.# #.# ##.....# #.# #.# #.#
#####.....# #.# #.#######.#
..........########.###.#.......#
..........'..o.a@...>..#.#.###.#
#####.....#######..#.#.###'###.#
#......)..# #..#.#.#≈≈.≈≈#.#
#.........# #..#.#.#≈⌠.⌠≈#.#
#.........# #..#.#.'..∩..'.#
#.........# #..#.#.#≈⌠.⌠≈###
#.........# #..#.#.#≈≈.≈≈#
#.........# #..#.#.###'###
#.........# #..#.#.#.#.#


You could see a worker ant and an orc.

Vanquished Creatures
  A howler monkey (D:4)
  A crimson imp (D:4)
  2 worker ants (D:4)
  A hound skeleton (D:4)
  A gnoll (D:3)
  2 adders
  An adder skeleton (D:4)
  2 worms
  3 dart slugs
  2 leopard geckos (D:3)
  2 giant cockroaches
  7 goblins
  9 hobgoblins
  2 jackals (D:1)
  2 quokkas
  3 bats
  6 frilled lizards
  A jackal skeleton (D:4)
  A kobold (D:1)
  A leopard gecko skeleton (D:4)
  7 rats
57 creatures vanquished.

Notes
Turn   | Place    | Note
-------+----------+-------------------------------------------
     0 | D:1      | Jannitor the Demonspawn Fighter began the quest for the Orb.
     0 | D:1      | Reached XP level 1. HP: 18/18 MP: 1/1
   132 | D:1      | Gained mutation: You have sharp toenails. [demonic ancestry]
   132 | D:1      | Reached XP level 2. HP: 16/24 MP: 2/2
   707 | D:2      | Gained mutation: You have razor-sharp toenails. [demonic ancestry]
   707 | D:2      | Reached XP level 3. HP: 17/29 MP: 3/3
  1612 | D:3      | Reached XP level 4. HP: 31/35 MP: 4/4
  1758 | D:4      | Found Kuquurgha's Assorted Antiques.
  1763 | D:4      | Bought 2 bubbling brown potions for 34 gold pieces
  1838 | D:4      | Reached XP level 5. HP: 30/42 MP: 5/5
  1924 | D:4      | Gained mutation: You are frail. (-10% HP) [potion of mutation]
  1924 | D:4      | Gained mutation: You have a pair of small antennae on your head. [potion of mutation]
  1924 | D:4      | Gained mutation: Potions and wands are less effective at restoring your health. [potion of mutation]
  1925 | D:4      | Lost mutation: You are frail. (-10% HP) [potion of mutation]
  1925 | D:4      | Gained mutation: Armour fits poorly on your strangely shaped body. [potion of mutation]
  1984 | D:4      | Found a burning altar of Makhleb.
  1984 | D:4      | Found a shimmering altar of Xom.
  2220 | D:4      | Reached skill level 4 in Fighting
  2446 | D:4      | Got a heavily runed ring mail
  2457 | D:4      | Identified the cursed +1 ring mail of Slovenliness {Int+6} (You found it on level 4 of the Dungeon)
  2689 | D:4      | HP: 2/42 [poisoned by a worker ant]
  2691 | D:4      | Slain by a worker ant

Skill      XL: |  1  2  3  4  5 |
---------------+----------------+-----
Armour         | 3 |  3.8
Shields        | 3 |  3.9
Polearms       | 2 |  2.9
Fighting       | 4 |  4.0

Action                   |  1- 3 |  4- 6 || total
-------------------------+-------+-------++-------
Melee: Trident           |   168 |    97 ||   265
       Kick              |    24 |    23 ||    47
  Use: Potion            |     3 |     4 ||     7
 Stab: Invisible         |       |     1 ||     1
  Eat: Chunk             |     3 |     2 ||     5
Armor: Scale mail        |    62 |    17 ||    79
       Ring mail         |       |     9 ||     9
Dodge: Dodged            |    33 |    21 ||    54
Block: Shield            |    72 |    42 ||   114
